 Dungeon Crawl Stone Soup version 0.25-a0-496-g8c4878dea3 (console) character file.

Game seed: 13972650828259771723, levelgen mode: deterministic

116 Kagalorn the Chopper (level 4, 0/39 HPs)
             Began as a Minotaur Fighter on Feb 12, 2020.
             Killed from afar by an orc wizard (8 damage)
             ... with a magic dart
             ... on level 2 of the Dungeon.
             The game lasted 00:04:01 (1108 turns).

Kagalorn the Chopper (Minotaur Fighter)             Turns: 1108, Time: 00:04:02

Health: 0/39       AC:  6    Str: 21    XL:     4   Next: 70%
Magic:  3/3        EV:  7    Int:  5    God:
Gold:   27         SH:  9    Dex: 10    Spells: 3/3 levels left

rFire    . . .     SeeInvis .   a - +0 war axe
rCold    . . .     Gourm    .   c - +0 kite shield
rNeg     . . .     Faith    .   b - +0 scale mail
rPois    .         Spirit   .   (helmet restricted)
rElec    .         Reflect  .   (no cloak)
rCorr    .         Harm     .   (no gloves)
MR       .....                  (no boots)
Stlth    ..........             (no amulet)
HPRegen  0.13/turn              (no ring)
MPRegen  0.08/turn              (no ring)

@: slowed, very slow
A: retaliatory headbutt, horns 2
a: no special abilities


You were on level 2 of the Dungeon.
You were not hungry.

You visited 1 branch of the dungeon, and saw 2 of its levels.

You collected 27 gold pieces.

Inventory:

Hand Weapons
 a - a +0 war axe (weapon)
Missiles
 e - 59 stones (quivered)
Armour
 b - a +0 scale mail (worn)
 c - a +0 kite shield (worn)
Jewellery
 i - a +4 ring of intelligence {unknown}
Scrolls
 g - 2 scrolls of enchant armour {unknown}
 h - a scroll of magic mapping {unknown}
Potions
 d - a potion of might
 j - a potion of lignification {unknown}
 k - a potion of curing {unknown}
Comestibles
 f - 2 rations


   Skills:
 - Level 3.6 Fighting
 * Level 6.0 Axes
 - Level 3.6 Armour
 - Level 3.6 Shields


You had 3 spell levels left.
You didn't know any spells.
Your spell library was empty.

Dungeon Overview and Level Annotations

Branches:
Dungeon (2/15)

Altars:


Innate Abilities, Weirdness & Mutations

You reflexively headbutt those who attack you in melee.
You have a pair of horns on your head.


Message History

The orc wizard hits you but does no damage.
The orc wizard barely misses you. You furiously retaliate!
You headbutt the orc wizard. You closely miss the orc wizard.
Your headbutt misses the orc wizard.
The orc wizard is moderately wounded.
The orc wizard points at you and mumbles some strange words.
You feel yourself slow down. You block the orc wizard's attack.
You barely miss the orc wizard.
The orc wizard is moderately wounded.
The orc wizard closely misses you.
The orc wizard gestures at you while chanting.
You feel as though you will be slow longer.
The orc wizard barely misses you.
You closely miss the orc wizard. Your headbutt misses the orc wizard.
The orc wizard is moderately wounded.
You block the orc wizard's attack.
The orc wizard hits you but does no damage.
The orc wizard casts a spell at you. The magic dart hits you!
You die...

#........#..## . .o.#
.....#.#.#.## ... #..#
#..#####'#.##......##..#
##.###.†††.............#
##........##..#### #..#
...###....# #....####.##
..........# #.......o.#
..........# #.##)#.####
..........# #.##@#.#
##........###.##o#.#
#...............#.#
#.....######.####.#
##.....#####..####.#########
...........................#
#####.##.##.....#.###.######
.........##.......# #.#
#####....##..#..#.# #.#


You could see an orc wizard.

Vanquished Creatures
  An orc wizard (D:2)
  An adder (D:2)
  4 oozes
  A worm (D:2)
  2 dart slugs (D:1)
  A leopard gecko (D:2)
  An orc (D:2)
  7 bats
  A giant cockroach (D:1)
  3 hobgoblins
  10 jackals
  A quokka (D:2)
  3 frilled lizards
  5 goblins
  5 kobolds
  7 rats
53 creatures vanquished.

Notes
Turn   | Place    | Note
-------+----------+-------------------------------------------
     0 | D:1      | Kagalorn the Minotaur Fighter began the quest for the Orb.
     0 | D:1      | Reached XP level 1. HP: 19/19 MP: 0/0
   119 | D:1      | Reached skill level 3 in Axes
   167 | D:1      | Reached XP level 2. HP: 23/26 MP: 1/1
   256 | D:1      | Reached skill level 4 in Axes
   337 | D:1      | Reached XP level 3. HP: 24/31 MP: 2/2
   812 | D:2      | Reached skill level 5 in Axes
   849 | D:2      | Reached XP level 4. HP: 39/39 MP: 3/3
  1096 | D:2      | Reached skill level 6 in Axes
  1108 | D:2      | Killed from afar by an orc wizard

Levels and vault maps discovered:
D:1:      dpeg_arrival_houses_and_road, layout_basic
D:2:      layout_basic, minivault_19

Skill      XL: |  1  2  3  4 |
---------------+-------------+-----
Axes           | 3 4 5 6 |  6.0
Fighting       | |  3.6
Armour         | |  3.6
Shields        | |  3.6

Action                   |  1- 3 |  4- 6 || total
-------------------------+-------+-------++-------
Melee: War axe           |    81 |    41 ||   122
       Headbutt          |    12 |     4 ||    16
  Eat: Chunk             |       |     1 ||     1
Armor: Scale mail        |    35 |    21 ||    56
Dodge: Dodged            |    24 |    17 ||    41
Block: Kite shield       |    39 |    18 ||    57

Table legend:
 A = Non-vault XP
 B = Vault XP
 C = Vault XP percentage of total XP
 D = Non-vault monster count
 E = Vault monster count
 F = Vault count percentage of total count
                 A         B        C        D         E       F
            +---------+---------+-------+---------+---------+-------
      Total |     167 |       0 |   0.0 |      53 |       0 |   0.0
            +---------+---------+-------+---------+---------+-------
        D:1 |      69 |       0 |   0.0 |      29 |       0 |   0.0
        D:2 |      98 |       0 |   0.0 |      24 |       0 |   0.0
            +---------+---------+-------+---------+---------+-------
